 Dungeon Crawl Stone Soup version 0.28.0-43-g3370ac3207 (webtiles) character file.

Game seed: 464142098342593596

1116 experimilk the Slinger (level 8, 0/40 HPs)
             Began as a Spriggan Hunter on Mar 4, 2022.
             Killed from afar by Pikel (7 damage)
             ... with a puff of flame
             ... on level 4 of the Dungeon.
             The game lasted 00:30:36 (6452 turns).

experimilk the Slinger (Spriggan Hunter)            Turns: 6452, Time: 00:30:37

Health: 0/40       AC:  4    Str:  8    XL:     8   Next: 12%
Magic:  9/9        EV: 21    Int: 13    God:
Gold:   81         SH:  0    Dex: 17    Spells: 7/7 levels left

rFire   . . .      SeeInvis +   b - +2 dagger (venom)
rCold   . . .      Faith    .   i - orb {mayhem}
rNeg    . . .      Spirit   .   c - +0 robe
rPois   .          Reflect  .   (helmet restricted)
rElec   .          Harm     .   g - +1 cloak
rCorr   +          Rampage  .   (gloves unavailable)
Will    +....                   (boots unavailable)
Stlth   ++........              (no amulet)
HPRegen 0.13/turn               j - ring of resist corrosion
MPRegen 0.11/turn               (no ring)

@: very quick
A: very small, no large weapons, unfitting armour, see invisible, speed 3
a: no special abilities


You were on level 4 of the Dungeon.
You visited 1 branch of the dungeon, and saw 7 of its levels.

You collected 191 gold pieces.
You spent 110 gold pieces at shops.

Inventory:

Hand Weapons
 a - a +1 hunting sling
 b - a +2 dagger of venom (weapon)
 f - a +0 club
 s - a +1 vampiric short sword
Missiles
 d - 29 sling bullets
 h - 119 stones (quivered)
Armour
 c - a +0 robe (worn)
 e - the +3 buckler of Syis Uco {rC+}
   (You acquired it on level 4 of the Dungeon)

   rC:        It protects you from cold.
 g - a +1 cloak (worn)
 i - an orb of mayhem (worn)
Jewellery
 j - a ring of resist corrosion (left hand)
Scrolls
 k - 2 scrolls of teleportation
 t - a scroll of fog {unknown}
Potions
 l - a potion of invisibility {unknown}
 m - a potion of heal wounds
 n - a potion of brilliance
 o - a potion of cancellation
 p - 2 potions of curing
 q - a potion of mutation {unknown}
 r - a potion of magic {unknown}


   Skills:
 - Level 3.0 Fighting
 - Level 4.0 Short Blades
 + Level 8.9 Slings
 + Level 7.4 Dodging
 - Level 2.0 Stealth


You had 7 spell levels left.
You didn't know any spells.
Your spell library contained the following spells:

 Spells                   Type           Power      Damage    Failure   Level
 Gell's Gravitas          Tloc           0%         N/A       67%         3
 Lesser Beckoning         Tloc           0%         N/A       67%         3
 Summon Guardian Golem    Hex/Summ       0%         N/A       67%         3
 Teleport Other           Tloc           0%         N/A       67%         3
 Manifold Assault         Tloc           0%         N/A       100%        5
 Spellforged Servitor     Conj/Summ      0%         N/A       100%        7


Dungeon Overview and Level Annotations

Branches:
Dungeon (7/15)
 Temple: D:4-7

Altars:
Dithmenos
Gozag
Okawaru

Shops:
D:4 :**!

Annotations:
D:3 Natasha
D:4 Pikel


Innate Abilities, Weirdness & Mutations

You are very small and have problems with some larger weapons.
You are too small for most types of armour.
You have supernaturally acute eyesight. (SInv)
You cover ground extremely quickly. (Speed+++)


Message History

You feel much better.
Fire: 33 sling bullets
Press: ? - help, Q - select action, (/) - cycle Shift-Dir - straight line, f/p - Pikel
Aim: Pikel, wielding a +2 whip of flaming, wearing a +0 robe and carrying a wand of flame (4) (moderately wounded, 60% to hit)
You shoot a sling bullet. The sling bullet hits Pikel.
Pikel is moderately wounded.
Pikel waves his whip at you.
Pikel zaps a wand.
The puff of flame hits you!
Fire: 32 sling bullets
Press: ? - help, Q - select action, (/) - cycle Shift-Dir - straight line, f/p - Pikel
Aim: Pikel, wielding a +2 whip of flaming, wearing a +0 robe and carrying a wand of flame (3) (moderately wounded, 60% to hit)
You shoot a sling bullet. The sling bullet hits Pikel.
Pikel is heavily wounded.
Fire: 31 sling bullets
Press: ? - help, Q - select action, (/) - cycle Shift-Dir - straight line, f/p - Pikel
Aim: Pikel, wielding a +2 whip of flaming, wearing a +0 robe and carrying a wand of flame (3) (heavily wounded, 60% to hit)
You shoot a sling bullet.
The sling bullet completely misses Pikel.
Fire: 30 sling bullets
Press: ? - help, Q - select action, (/) - cycle Shift-Dir - straight line, f/p - Pikel
Aim: Pikel, wielding a +2 whip of flaming, wearing a +0 robe and carrying a wand of flame (3) (heavily wounded, 60% to hit)
You shoot a sling bullet. The sling bullet closely misses Pikel.
Unknown command.
Your +2 dagger of venom begins to drip with poison!
b - a +2 dagger of venom (weapon)
Pikel hits you with a +2 whip of flaming!
Pikel burns you.
You barely miss Pikel.
Pikel is heavily wounded.
Pikel hits you with a +2 whip of flaming!
* * * LOW HITPOINT WARNING * * *
Pikel burns you.
* * * LOW HITPOINT WARNING * * *
You completely miss Pikel.
Pikel is heavily wounded.
You hit Pikel but do no damage.
Pikel is poisoned.
Pikel is heavily wounded.
Pikel says, "Hell isn't that bad."
Pikel zaps a wand.
The puff of flame hits you!
You die...

###...##.#.#.#.######.....###.###
................................
..... ....#.########.....###.###
##.# ### # #............
#.########.........###
#..............#####
####.########..# ##
..####..#######..######.
#(.(.(.K@..............+.
#((#####..###.......####.
#..#5BB#..# #.......####.
#..#≈55#... +............
#..#≈.5#..###......)).... #####
#..#≈≈≈#.'# #.∩....)....# ##...
##.#≈≈≈#......##....)...# ...#
#.##'##...... #........'
...####### ......... ##'##.†..#


You could see Pikel (very poisoned), 4 lemures and 2 giant cockroaches.

Vanquished Creatures
  An ice beast (D:5)
  2 ogres (D:5)
  2 black bears
  A phantom (D:5)
  A bullfrog (D:6)
  A scorpion (D:7)
  A water moccasin skeleton (D:5)
  A howler monkey (D:5)
  3 hounds (D:4)
  3 iguanas
  Natasha (twice) (D:3)
  An orc wizard (D:4)
  5 adders
  2 ufetubi
  5 worms
  11 orcs
  7 bats
  5 endoplasms
  3 giant cockroaches
  4 hobgoblins
  6 jackals (D:3)
  3 quokkas
  2 ball pythons
  3 frilled lizards
  7 goblins
  7 kobolds
  3 rats (D:3)
92 creatures vanquished.

Notes
Turn   | Place    | Note
-------+----------+-------------------------------------------
     0 | D:1      | experimilk the Spriggan Hunter began the quest for the Orb.
     0 | D:1      | Reached XP level 1. HP: 10/10 MP: 2/2
   342 | D:1      | Found a faded altar of an unknown god.
   452 | D:1      | Reached skill level 5 in Slings
  1310 | D:2      | Reached XP level 2. HP: 14/14 MP: 3/3
  1931 | D:2      | Reached skill level 6 in Slings
  1931 | D:2      | Reached XP level 3. HP: 11/18 MP: 4/4
  2573 | D:3      | Noticed Natasha
  2767 | D:3      | Reached skill level 1 in Short Blades
  2767 | D:3      | Reached XP level 4. HP: 23/23 MP: 5/5
  2812 | D:3      | Found a shadowy altar of Dithmenos.
  2932 | D:3      | Killed Natasha
  3646 | D:3      | Found a faded altar of an unknown god.
  3647 | D:3      | Noticed Natasha
  3655 | D:3      | HP: 1/23 [Natasha (4)]
  3656 | D:3      | Killed Natasha
  3657 | D:3      | Reached XP level 5. HP: 2/26 MP: 6/6
  3731 | D:3      | Noticed Natasha
  3747 | D:3      | Found an opulent altar of Gozag.
  4262 | D:4      | Identified a scroll of acquirement
  4262 | D:4      | Acquired the +3 buckler of Syis Uco {rC+}
  4316 | D:4      | Noticed a lemure
  4316 | D:4      | Noticed a lemure
  4316 | D:4      | Noticed a lemure
  4316 | D:4      | Noticed a lemure
  4938 | D:4      | Got the Catalogue of the Displaced Escort
  4951 | D:4      | Found Uhunam's Distillery.
  4959 | D:4      | Bought a potion of curing for 30 gold pieces
  4959 | D:4      | Bought a potion of heal wounds for 50 gold pieces
  4961 | D:4      | Found Wasug's General Store.
  5043 | D:4      | Found Onaosiuw's Book Emporium.
  5202 | D:4      | Found Puoniul's General Store.
  5210 | D:4      | Bought a scroll of teleportation for 30 gold pieces
  5233 | D:4      | You fall into a shaft and drop 3 floors!
  5233 | D:7      | Noticed a black bear
  5295 | D:7      | Reached XP level 6. HP: 32/32 MP: 7/7
  5326 | D:6      | Noticed a sky beast
  5357 | D:7      | Reached skill level 7 in Slings
  5366 | D:7      | Found an iron altar of Okawaru.
  5428 | D:7      | Noticed an ice beast
  5437 | D:6      | Reached skill level 5 in Dodging
  5499 | D:5      | Entered Level 5 of the Dungeon
  5519 | D:5      | Reached XP level 7. HP: 36/36 MP: 8/8
  5973 | D:5      | Reached skill level 8 in Slings
  6201 | D:5      | Reached XP level 8. HP: 31/40 MP: 9/9
  6434 | D:4      | Noticed Pikel
  6452 | D:4      | Killed from afar by Pikel

Illustrated notes

Levels and vault maps discovered:
D:1:      dpeg_arrival_fog, layout_basic, dreamdust_ecumenical_altar_grove
D:2:      layout_basic, minmay_pentomino_w2
D:3:      layout_basic, nicolae_dithmenos_shadow_blocks,
          nicolae_overflow_ecumenical_swirl, minmay_misc_feat_doors,
          uniq_natasha
D:4:      layout_basic, serial_shops, shop, kennysheep_little_box,
          nicolae_shop_stone, shop, shop, gup_sewer_entry_glass, uniq_pikel
D:5:      layout_layer_cave, minmay_temple_entry_statues_pillars
D:6:      minmay_angry_zag, layout_rooms, kennysheep_generic_room_4,
          uniq_crazy_yiuf_cottage, uniq_blork_the_orc
D:7:      layout_gridville, overflow_temple_1_default,
          nicolae_overflow_hidden_temple, patterned_corridor

Skill      XL: |  1  2  3  4  5  6  7 |
---------------+----------------------+-----
Slings         | 5 6 7 8 |  8.9
Stealth        | 2 |  2.0
Dodging        | 3 4 5 7 |  7.4
Short Blades   | 1 2 3 4 |  4.0
Fighting       | 2 3 |  3.0

Action                   |  1- 3 |  4- 6 |  7- 9 || total
-------------------------+-------+-------+-------++-------
Melee: Dagger            |    15 |    55 |    76 ||   146
 Fire: Hunting sling     |    96 |   139 |    80 ||   315
  Use: Scroll            |     3 |     6 |       ||     9
       Potion            |       |       |     1 ||     1
Armor: Robe              |     4 |    19 |     5 ||    28
Dodge: Dodged            |    22 |    68 |    60 ||   150
Block: Buckler           |       |    22 |       ||    22
